 Dungeon Sprint DCSS version 0.23-a0-32-g1388f29 (webtiles) character file.

7 raistware the Poker (level 2, -6/19 HPs)
             Began as an Octopode Assassin on Aug 4, 2018.
             Was an Initiate of Qazlal.
             Mangled by an air elemental (14 damage)
             ... in the Dungeon (Sprint V: "Ziggurat Sprint").
             The game lasted 00:02:05 (102 turns).

raistware the Poker (Octopode Assassin)              Turns: 102, Time: 00:02:06

Health: -6/19      AC:  4    Str: 22    XL:     2   Next: 0%
Magic:  2/2        EV:  5    Int: 25    God:    Qazlal [......]
Gold:   0          SH: 27    Dex: 25    Spells: 1/1 levels left

rFire    + . .     SeeInvis .   G - +8 lance "Wyrmbane" {slay drac, rPois rF+ rC+ AC+3}
rCold    + . .     Gourm    .   H - +18 shield of the Gong {rElec rN+ MR+ EV-5}
rNeg     + . .     Faith    .   (helmet restricted)
rPois    +         Spirit   .   (no amulet)
rElec    +         Reflect  .   x - +6 ring of dexterity
rCorr    .         Harm     .   y - +6 ring of dexterity
MR       +....     NoTele   +   z - +6 ring of intelligence
Stlth    +++++.....             A - +6 ring of intelligence
HPRegen  0.06/turn              B - +6 ring of strength
MPRegen  0.08/turn              C - +6 ring of strength
                                (no ring)
                                (no ring)

@: flying (expiring)
A: almost no armour, stealthy swim, amphibious, 8 rings, constrict 8, camouflage
1, gelatinous body 1
a: Renounce Religion


You were in the Dungeon.
You worshipped Qazlal.
Qazlal was noncommittal.
You were not hungry.

You visited 1 branch

Inventory:

Hand Weapons
 a - a +2 dagger
 b - a +0 blowgun
 G - the +8 lance "Wyrmbane" (weapon) {slay drac, rPois rF+ rC+ AC+3}
   (You found it in the Dungeon)

   It affects your AC (+3).
   It protects you from fire.
   It protects you from cold.
   It protects you from poison.
Missiles
 c - 8 poisoned needles
 d - 2 curare-tipped needles
Armour
 H - the +18 shield of the Gong (worn) {rElec rN+ MR+ EV-5}
   (You found it in the Dungeon)

   It affects your evasion (-5).
   It insulates you from electricity.
   It protects you from negative energy.
   It affects your resistance to hostile enchantments.
Jewellery
 x - a +6 ring of dexterity (left tentacle)
 y - a +6 ring of dexterity (right tentacle)
 z - a +6 ring of intelligence (on tentacle)
 A - a +6 ring of intelligence (on tentacle)
 B - a +6 ring of strength (on tentacle)
 C - a +6 ring of strength (on tentacle)
Wands
 D - a wand of disintegration (7)
 E - a wand of iceblast (7)
 F - a wand of acid (7)
Scrolls
 k - 4 scrolls of blinking
 r - 4 scrolls of amnesia
 s - 7 scrolls of fog
 t - a scroll of holy word
 u - 5 scrolls of identify
 v - 5 scrolls of remove curse
 w - 2 scrolls of fear
Potions
 e - 10 potions of curing
 g - 9 potions of heal wounds
 h - 6 potions of haste
 i - 7 potions of magic
 j - 3 potions of berserk rage
 l - 2 potions of brilliance
 m - 2 potions of invisibility
 n - 4 potions of resistance
 p - 5 potions of agility
 q - 5 potions of might
Miscellaneous
 I - a lightning rod (4/4)
Comestibles
 f - 7 rations


   Skills:
 - Level 2.0 Fighting
 - Level 2.0 Short Blades
 + Level 7.3 Polearms
 - Level 2.0 Throwing
 + Level 1.0 Dodging
 - Level 5.3 Stealth
 + Level 0.0 Shields


You had one spell level left.
You didn't know any spells.
Your spell library was empty.

Dungeon Overview and Level Annotations

Branches:
Dungeon (1/1)

Altars:
Ashenzari
Cheibriados
Dithmenos
Elyvilon
Fedhas
Gozag
Hepliaklqana
Kikubaaqudgha
Makhleb
Nemelex Xobeh
Okawaru
Qazlal
Ru
Sif Muna
Trog
Uskayaw
Vehumet
Wu Jian
Xom
Yredelemnul
Zin
The Shining One
Beogh
Jiyva
Lugonu

Annotations:
D 1 transporter


Innate Abilities, Weirdness & Mutations

You cannot wear most types of armour.
You are very stealthy in the water. (Stealth+)
You are amphibious.
You can wear up to eight rings at the same time.
You can use your tentacles to constrict eight enemies at once.
Your skin changes colour to match your surroundings (Stealth+).
Your rubbery body absorbs attacks. (AC +1, EV +1)


Message History

Press: ? - help, Dir - move target cursor, f/p - air elemental
Aim: an air elemental (moderately damaged)
You miss the air elemental. You squeeze the air elemental!
The air elemental is heavily damaged.
The vortex of raging winds lifts you up.
You fly up into the air.
Ouch! That really hurt!
The air elemental hits you.
* * * LOW HITPOINT WARNING * * *
You block the short sword of draining's attack.
GONNNNG!
You block the air elemental's attack.
GONNNNG!
You block the short sword of draining's attack.
GONNNNG!
You feel much better.
Ouch! That really hurt!
The air elemental hits you!
Ouch! That really hurt!
You die...

▓▓▓▓▓▓▓
▓§8§8§▓
▓§§§§§▓
▓§§§(§▓
▓§§E@§▓
▓§§§§§▓
▓§§§§§▓
▓▓▓▓▓▓▓


You could see an air elemental and a short sword of draining.

Vanquished Creatures (others)
  A spatial maelstrom (D)
1 creature vanquished.

Notes
Turn   | Place    | Note
-------+----------+-------------------------------------------
     0 | D        | Found the +6 Majin-Bo {vamp, Archmagi MP+6 Int+6}
     0 | D        | Found the +7 great mace "Firestarter" {inner flame, rF++}
     0 | D        | raistware the Octopode Assassin began the quest for the Orb.
     0 | D        | Reached XP level 1. HP: 14/14 MP: 1/1
     0 | D        | Found a deep blue altar of Sif Muna.
     0 | D        | Found a sacrificial altar of Ru.
     0 | D        | Found a bloodstained altar of Trog.
     0 | D        | Found a stormy altar of Qazlal.
     0 | D        | Found an iron altar of Okawaru.
     0 | D        | Found a sparkling altar of Nemelex Xobeh.
     0 | D        | Found a blossoming altar of Fedhas.
     2 | D        | Found a transporter.
     2 | D        | Found an ancient bone altar of Kikubaaqudgha.
     2 | D        | Found a viscous altar of Jiyva.
     2 | D        | Found a corrupted altar of Lugonu.
     2 | D        | Found a hazy altar of Hepliaklqana.
     2 | D        | Found a burning altar of Makhleb.
     2 | D        | Found an opulent altar of Gozag.
     6 | D        | Banished a spatial maelstrom
    19 | D        | Found the +9 heavy crossbow "Sniper" {velocity, Acc+∞ SInv}
    19 | D        | Found the +10 dark maul {crush}
    19 | D        | Found the +15 Maxwell's patent armour {-Cast -Tele rElec MR+ rCorr}
    19 | D        | Found the +18 shield of the Gong {rElec rN+ MR+ EV-5}
    19 | D        | Found the cursed +14 obsidian axe {chop, +Fly SInv *Curse}
    20 | D        | Found the +6 shillelagh "Devastator" {shatter}
    20 | D        | Found the +11 plutonium sword {*Contam Stlth-}
    20 | D        | Found the +8 lance "Wyrmbane" {slay drac, rPois rF+ rC+ AC+3}
    20 | D        | Found the +9 sword of Zonguldrok {reap}
    20 | D        | Found the cursed +13 scythe of Curses {drain, *Curse}
    20 | D        | Found the +0 sword of Power
    20 | D        | Found the +7 mace of Variability {chain chaos}
    20 | D        | Found the +7 Singing Sword
    20 | D        | Found the +7 longbow "Piercer" {penet, EV-2}
    77 | D        | Reached skill level 7 in Polearms
    77 | D        | Reached XP level 2. HP: 19/19 MP: 2/2
    87 | D        | Became a worshipper of Qazlal Stormbringer
    97 | D        | Entered arena 2.
    97 | D        | Noticed an air elemental
    97 | D        | Noticed a short sword of draining
    97 | D        | Found a transporter.
   102 | D        | Mangled by an air elemental

Vault maps used:
D:        sprint_v

Skill      XL: |  1 |
---------------+----+-----
Polearms       | 7 |  7.3
Fighting       | |  2.0
Short Blades   | |  2.0
Throwing       | |  2.0
Dodging        | |  1.0
Stealth        | |  5.3

Action                   || total
-------------------------++-------
Melee: Lance             ||     3
       Tentacles         ||     1
  Use: Potion            ||     2
 Stab: Sleeping          ||     1
Block: Shield            ||     5

Table legend:
 A = Spawn XP
 B = Non-spawn XP
 C = Spawn XP percentage of total XP
 D = Spawn monster count
 E = Non-spawn monster count
 F = Spawn count percentage of total count
 G = Total turns spent on level
                    A         B        C        D         E        F      G
               +---------+---------+-------+---------+---------+-------+---------
         Total |       0 |       0 |   N/A |       0 |       0 |   N/A |   102
               +---------+---------+-------+---------+---------+-------+---------
               +---------+---------+-------+---------+---------+-------+---------
